 Dungeon Crawl Stone Soup version 0.24.1-8-ga250c9d538 (webtiles) character file.

Game seed: 4236581246947144668, levelgen mode: deterministic

192 Hugehornet the Changer (level 5, -8/33 HPs)
             Began as an Octopode Transmuter on May 2, 2020.
             Killed by divine providence
             ... invoked by an orc priest
              (10 damage)
             ... on level 4 of the Dungeon.
             The game lasted 00:06:20 (3580 turns).

Hugehornet the Changer (Octopode Transmuter)        Turns: 3580, Time: 00:06:22

Health: -8/33      AC:  2    Str: 10    XL:     5   Next: 71%
Magic:  6/8        EV: 18    Int: 16    God:
Gold:   98         SH:  0    Dex: 17    Spells: 2/8 levels left

rFire    . . .     SeeInvis .     - Unarmed
rCold    . . .     Gourm    .   (shield currently unavailable)
rNeg     . . .     Faith    .   (helmet currently unavailable)
rPois    x         Spirit   .   (no amulet)
rElec    .         Reflect  .   (no ring)
rCorr    .         Harm     .   (no ring)
MR       .....                  (no ring)
Stlth    ++........             (no ring)
HPRegen  0.11/turn              (no ring)
MPRegen  0.11/turn              (no ring)
                                (no ring)
                                (no ring)

@: spider-form (expiring), heavily drained
A: tiny, almost no armour, stealthy swim, (amphibious), 8 rings, (constrict 8)
a: End Transformation


You were on level 4 of the Dungeon.
You were hungry.
You were a venomous arachnid creature.
You visited 1 branch of the dungeon, and saw 4 of its levels.

You collected 98 gold pieces.

Inventory:

Missiles
 a - 12 arrows
Jewellery
 b - an uncursed amulet of harm
Scrolls
 d - 2 scrolls of fear {unknown}
 e - 3 scrolls of amnesia {unknown}
 h - 3 scrolls of fog {unknown}
 i - 2 scrolls of identify {unknown}
 m - 2 scrolls of enchant weapon {unknown}
 q - a scroll of teleportation {unknown}
 t - a scroll of magic mapping {unknown}
 u - a scroll of random uselessness {unknown}
Potions
 f - a potion of mutation {unknown}
 g - a potion of degeneration {unknown}
 j - a potion of haste {unknown}
 k - a potion of flight {unknown}
 l - a potion of lignification {unknown}
 n - a potion of cancellation {unknown}
 o - a potion of brilliance {unknown}
 p - a potion of curing {unknown}
 s - 2 potions of might {unknown}
Comestibles
 c - 7 rations


   Skills:
 - Level 1.0(0.0) Fighting
 - Level 2.0(0.8) Dodging
 - Level 3.0(1.8) Unarmed Combat
 - Level 2.0(0.8) Spellcasting
 + Level 5.7(4.5) Transmutations


You had 2 spell levels left.
You knew the following spells:

 Your Spells              Type           Power        Failure   Level  Hunger
a - Beastly Appendage     Tmut           ###...       12%         1    ##.....
b - Sticks to Snakes      Tmut           ###.....     16%         2    ###....
c - Spider Form           Tmut/Pois      #.........   50%         3    ####...

Your spell library contained the following spells:

 Spells                   Type           Power        Failure   Level  Hunger
 Ice Form                 Ice/Tmut       #.......     85%         4    #####..
 Blade Hands              Tmut           ###.......   86%         5    ######.


Dungeon Overview and Level Annotations

Branches:
Dungeon (4/15)
 Temple: D:4-7

Altars:
Dithmenos

Annotations:
D:4 2 transporters


Innate Abilities, Weirdness & Mutations

You cannot wear most types of armour.
You are very stealthy in the water. (Stealth+)
((You are amphibious.))
You can wear up to eight rings at the same time.
((You can use your tentacles to constrict eight enemies at once.))
((Your skin changes colour to match your surroundings (Stealth+).))
((Your rubbery body absorbs attacks. (AC +1, EV +1)))


Message History

The orc priest hits you with a +0 short sword.
The orc priest hits you with a +0 dagger.
You hit the orc priest.
The orc priest is poisoned.
The orc priest is lightly wounded.
The orc priest hits you with a +0 short sword.
The orc priest mumbles some strange prayers to Beogh against you.
Beogh smites you!
* * * LOW HITPOINT WARNING * * *
You hit the orc priest.
The orc priest looks as sick as possible!
The orc priest is heavily wounded.
The orc priest barely misses you.
You hit the orc priest.
The orc priest looks as sick as possible!
The orc priest is severely wounded.
The orc priest hits you with a +0 short sword.
* * * LOW HITPOINT WARNING * * *
The orc priest invokes the aid of Beogh against you.
Beogh smites you!
You die...

#.# #.#
##.############.##
.................#
.###############.#
)#8P#;≈≈≈≈;≈#P8#.##
.#.)#.......#..#..##
©#©/+...♣...+?©#©..#####
.#..#.......#..#........
.#8P#;≈≈≈≈≈≈#P8#s#######
.###############o#
...............oo..#
#...#######......#.#
##'## #...?..#.#
##.########......# #
...>......#.......
.#..#####.#.#.#.##
............#.#.


You could see an electric eel, 2 orc priests and an orc.

Vanquished Creatures
  An orc wizard (D:4)
  3 gnolls
  6 adders
  An ooze (D:4)
  2 worms (D:2)
  4 dart slugs
  2 leopard geckos
  An orc (D:3)
  4 giant cockroaches
  8 goblins
  5 hobgoblins
  9 jackals
  5 kobolds
  3 ball pythons
  10 bats
  3 frilled lizards
  A jackal skeleton (D:4)
  2 rats (D:1)
70 creatures vanquished.

Notes
Turn   | Place    | Note
-------+----------+-------------------------------------------
     0 | D:1      | Hugehornet the Octopode Transmuter began the quest for the
                  | Orb.
     0 | D:1      | Reached XP level 1. HP: 13/13 MP: 3/3
   107 | D:1      | Reached XP level 2. HP: 7/18 MP: 3/5
   343 | D:1      | Reached skill level 3 in Transmutations
   659 | D:1      | Reached XP level 3. HP: 20/23 MP: 4/6
   963 | D:2      | Found a faded altar of an unknown god.
  1181 | D:2      | Reached skill level 4 in Transmutations
  1184 | D:2      | Reached XP level 4. HP: 21/28 MP: 7/7
  1524 | D:2      | HP: 1/28 [gnoll/+2 spear of freezing (1)]
  1963 | D:2      | Reached skill level 5 in Transmutations
  1963 | D:2      | Reached XP level 5. HP: 10/33 MP: 6/8
  1967 | D:2      | Learned a level 2 spell: Sticks to Snakes
  1971 | D:2      | Learned a level 3 spell: Spider Form
  3065 | D:3      | Found a shadowy altar of Dithmenos.
  3373 | D:4      | Found a transporter.
  3556 | D:4      | Found a transporter.
  3580 | D:4      | Killed from afar by an orc priest

Levels and vault maps discovered:
D:1:      lightli_arrival_chessboard, layout_loops_ring, minmay_misc_feat_cross,
          amethyst_killhole
D:2:      layout_basic, chequers_ecumenical_altar_simple_redux,
          kennysheep_generic_room_13
D:3:      lemuel_upstairs_altar, layout_loops_ring,
          lemuel_coloured_pillars_altar, serial_glass, glass_columns_a,
          glass_columns_a, glass_columns_b, glass_columns_a, glass_columns_a,
          glass_columns_c, glass_columns_b, glass_columns_c,
          minmay_close_crescents
D:4:      gammafunk_steamed_eel, layout_loops_corners, kennysheep_mini_moat,
          st_stairs_13, serial_bayou_pond_b, hex_tiny, minmay_quantized,
          uniq_duvessa

Skill      XL: |  1  2  3  4 |
---------------+-------------+-----
Transmutations | 3 4 5 |  5.7
Fighting       | |  1.0
Dodging        | |  2.0
Unarmed Combat | |  3.0
Spellcasting   | |  2.0

Action                   |  1- 3 |  4- 6 || total
-------------------------+-------+-------++-------
Melee: Unarmed           |    63 |   108 ||   171
       Kick              |    16 |    28 ||    44
       Constrict         |    20 |    26 ||    46
       Tentacles         |    12 |    14 ||    26
       Punch             |     2 |     2 ||     4
 Cast: Beastly Appendage |    18 |    31 ||    49
       Spider Form       |       |     1 ||     1
  Use: Potion            |       |     1 ||     1
 Stab: Sleeping          |     2 |     7 ||     9
  Eat: Chunk             |     1 |     5 ||     6
       Ration            |       |     1 ||     1
Armor: Skin              |     6 |     8 ||    14
Dodge: Dodged            |    43 |    67 ||   110
